 Dungeon Crawl Stone Soup version 0.27-a0-1105-g946c659c87 (webtiles) character file.

Game seed: 11301467739243182162

564 DogServant the Chiller (level 7, 44/57 HPs)
             Began as a Green Draconian Ice Elementalist on Apr 30, 2021.
             Was an Initiate of Ru.
             Quit the game in a sewer.
             The game lasted 00:10:02 (3963 turns).

DogServant the Chiller (DrIE)                       Turns: 3963, Time: 00:10:03

Health: 44/57      AC: 12    Str: 10    XL:     7   Next: 10%
Magic:  3/10       EV: 15    Int: 16    God:    Ru [......]
Gold:   199        SH:  0    Dex: 19    Spells: 3/10 levels left

rFire    . . .     SeeInvis .   h - +4 dagger (elec)
rCold    . . .     Faith    .   (no shield)
rNeg     . . .     Spirit   .   (armour unavailable)
rPois    +         Reflect  .   (helmet restricted)
rElec    .         Harm     .   (no cloak)
rCorr    .         Rampage  .   (no gloves)
Will     .....                  (no boots)
Stlth    ++........             (no amulet)
HPRegen  0.19/turn              c - +6 ring of dexterity
MPRegen  0.12/turn              o - +4 ring of slaying

@: ice-armoured, freezing walls
A: breathe noxious fumes, AC +6, unfitting armour, poison resistance,
cold-blooded
a: Breathe Noxious Fumes, Renounce Religion


You were in a sewer.
You worshipped Ru.
Ru was noncommittal.
You visited 1 branch of the dungeon, and saw 5 of its levels.
You also visited: Sewer.

You collected 199 gold pieces.

Inventory:

Hand Weapons
 f - a +0 falchion
 h - a +4 dagger of electrocution (weapon)
 r - a +4 vorpal flail
Armour
 i - a scarf of harm
Jewellery
 c - a +6 ring of dexterity (left hand)
 m - a ring of magical power
 o - a +4 ring of slaying (right hand)
Scrolls
 a - 2 scrolls of identify
 b - a scroll of teleportation
 g - a scroll of blinking
 l - 2 scrolls of fear {unknown}
 s - a scroll of fog {unknown}
 t - a scroll of magic mapping {unknown}
Potions
 d - 3 potions of might {unknown}
 e - a potion of brilliance {unknown}
 j - a potion of haste
 k - a potion of berserk rage {unknown}
 n - 3 potions of curing {unknown}
 p - a potion of lignification {unknown}
 q - a potion of flight {unknown}


   Skills:
 + Level 3.4 Fighting
 - Level 2.0 Short Blades
 - Level 5.0 Dodging
 + Level 2.2 Stealth
 - Level 2.0 Spellcasting
 + Level 5.2 Ice Magic


You had 3 spell levels left.
You knew the following spells:

 Your Spells              Type           Power      Damage    Failure   Level
a - Freeze                Ice            72%        1d9       2%          1
b - Frozen Ramparts       Ice            36%        1d5       7%          3
c - Ozocubu's Armour      Ice            18%        N/A       7%          3

Your spell library contained the following spells:

 Spells                   Type           Power      Damage    Failure   Level
 Magic Dart               Conj           4%         1d3       21%         1
 Blink                    Tloc           N/A        N/A       30%         2
 Call Imp                 Summ           1%         N/A       30%         2
 Slow                     Hex            1%         N/A       30%         2
 Conjure Flame            Conj/Fire      1%         6-21      52%         3
 Mephitic Cloud           Conj/Pois/Air  1%         N/A       52%         3
 Hailstorm                Conj/Ice       10%        3d5       56%         4
 Metabolic Englaciation   Hex/Ice        5%         N/A       89%         5


Dungeon Overview and Level Annotations

Branches:
Dungeon (5/15)              Sewer (1/1)
 Temple: D:4-7

Altars:
Cheibriados
Makhleb
Nemelex Xobeh
Ru
Wu Jian

Shops:
D:3 :


Innate Abilities, Weirdness & Mutations

You can breathe blasts of noxious fumes.
Your lurid green scales are hard. (AC +6)
You cannot fit into any form of body armour.
Your system is resistant to poisons. (rPois)
You are cold-blooded and may be slowed by cold attacks.


Message History

The ball python constricts you.
The wall freezes the ball python. x2
You kill the ball python!
The bullfrog misses you.
Casting: Frozen Ramparts (dangerous; 8% risk of failure)
Confirm with . or Enter, or press ? or * to list all spells.
A film of ice covers your body!
The bullfrog hits you but does no damage.
The wall freezes the ball python.
You kill the ball python!
The wall freezes the ball python.
You kill the ball python!
The bullfrog hits you.
The wall freezes the ball python.
You kill the ball python!
The bullfrog hits you.
You puncture the bullfrog!
You tail-slap the bullfrog, but do no damage.
The bullfrog is severely wounded.
The wall freezes the adder.
The adder seems to slow down.
The adder bites you but does no damage.
The bullfrog hits you but does no damage. x2
You barely miss the bullfrog.
Your tail-slap misses the bullfrog.
The bullfrog is severely wounded.
The bullfrog hits you but does no damage.
The wall freezes the adder.
The adder closely misses you. The bullfrog hits you.
The wall freezes the frilled lizard.
You kill the frilled lizard!
The bullfrog misses you.
You barely miss the bullfrog. You tail-slap the bullfrog!
You kill the bullfrog!
The bullfrog barely misses you.
The wall freezes the adder.
You kill the adder!
The bullfrog barely misses you.
Training target 5.0 for Dodging reached!
Your Dodging skill increases to level 5!
You have reached level 7!
Your scales start taking on a lurid green colour.
You learn Poison Magic much quicker.
You can breathe blasts of noxious fumes.
You feel resistant to poisons.
Are you sure you want to abandon this character and quit the game? (Confirm with "yes".)

#..'....# #..#....#
####...##
####################....#
...≈≈≈≈≈≈≈≈≈≈≈≈≈≈≈#.....#
..≈≈≈≈≈≈≈≈≈≈≈≈≈≈≈≈≈....##
...≈≈≈≈≈≈≈≈≈≈≈≈≈≈≈≈....#
..≈≈≈≈≈≈≈F≈#≈≈≈≈≈≈.....#
.S≈≈≈≈≈#≈l@≈#≈≈≈≈≈≈...##
...≈≈≈≈≈≈l≈≈≈≈≈≈≈≈#.###
#####################


You could see a bullfrog and 2 frilled lizards.

Vanquished Creatures
  Edmund (D:4)
  An ogre (D:5)
  A bullfrog (Sewer)
  A scorpion (D:4)
  A centaur skeleton (D:4)
  An iguana (D:4)
  A hound skeleton (D:4)
  6 adders
  4 river rats (Sewer)
  5 worms
  2 dart slugs
  2 endoplasms
  A giant cockroach (D:1)
  3 goblins
  4 hobgoblins
  5 jackals
  4 quokkas
  13 ball pythons
  4 bats
  6 frilled lizards
  2 kobolds (D:2)
  27 rats
95 creatures vanquished.

Notes
Turn   | Place    | Note
-------+----------+-------------------------------------------
     0 | D:1      | DogServant the Draconian Ice Elementalist began the quest
                  | for the Orb.
     0 | D:1      | Reached XP level 1. HP: 14/14 MP: 3/3
   300 | D:1      | Found a faded altar of an unknown god.
   480 | D:1      | Reached skill level 1 in Fighting
   537 | D:1      | Reached XP level 2. HP: 23/23 MP: 1/5
   905 | D:2      | Found an ornate altar of the Wu Jian Council.
  1119 | D:2      | Reached XP level 3. HP: 29/29 MP: 0/6
  1944 | D:2      | Learned a level 3 spell: Frozen Ramparts
  2185 | D:3      | Found Regof's Book Emporium.
  2197 | D:3      | Reached XP level 4. HP: 30/37 MP: 7/7
  2201 | D:3      | Learned a level 3 spell: Ozocubu's Armour
  2469 | D:4      | Reached skill level 1 in Short Blades
  2469 | D:4      | Reached skill level 5 in Ice Magic
  2535 | D:4      | Noticed a scorpion
  2542 | D:4      | Killed a scorpion
  2543 | D:4      | Reached XP level 5. HP: 34/45 MP: 7/8
  2686 | D:4      | Found a sparkling altar of Nemelex Xobeh.
  2686 | D:4      | Found a burning altar of Makhleb.
  2688 | D:4      | Found an ornate altar of the Wu Jian Council.
  2688 | D:4      | Found a sacrificial altar of Ru.
  2694 | D:4      | Found a snail-covered altar of Cheibriados.
  2706 | D:4      | Became a worshipper of Ru the Awakened
  2952 | D:4      | Noticed Edmund
  2968 | D:4      | Killed Edmund
  2969 | D:4      | Reached XP level 6. HP: 16/51 MP: 0/9
  3299 | D:5      | Entered Level 5 of the Dungeon
  3398 | D:5      | Found a glowing drain.
  3409 | Sewer    | Entered a sewer
  3963 | Sewer    | Reached skill level 5 in Dodging
  3963 | Sewer    | Your scales start taking on a lurid green colour.
  3963 | Sewer    | Reached XP level 7. HP: 44/57 MP: 3/10
  3963 | Sewer    | Gained mutation: Your system is resistant to poisons.
                  | (rPois) [Green Draconian growth]
  3963 | Sewer    | Quit the game

Illustrated notes

Levels and vault maps discovered:
D:1:      wander_arrival_estate, layout_rooms,
          hellmonk_ecumenical_altar_zigzags, minmay_crystal_water
D:2:      layout_loops_corners, basic_altar, chequers_serial_rivers_small_b,
          kennysheep_generic_room_9
D:3:      layout_rooms, serial_shops, shop, minivault_27
D:4:      layout_cave_pools, grunt_temple_overflow_open,
          chequers_serial_rivers_micro_d, uniq_edmund
D:5:      layout_loops_ring, minmay_temple_entry_water_ring,
          portal_sewer_entry_f
Sewer:    sewer_minmay_w

Skill      XL: |  1  2  3  4  5  6 |
---------------+-------------------+-----
Fighting       | 1 2 3 |  3.4
Dodging        | 2 4 5 |  5.0
Short Blades   | 2 |  2.0
Ice Magic      | 5 |  5.2
Stealth        | 2 |  2.2
Spellcasting   | |  2.0

Action                   |  1- 3 |  4- 6 |  7- 9 || total
-------------------------+-------+-------+-------++-------
Melee: Unarmed           |    11 |       |       ||    11
       Dagger            |    31 |   113 |       ||   144
       Falchion          |    10 |       |       ||    10
       Tailslap          |     4 |    12 |       ||    16
       Flail             |       |     5 |       ||     5
 Cast: Freeze            |    26 |       |       ||    26
       Frozen Ramparts   |     1 |    11 |       ||    12
       Ozocubu's Armour  |       |     8 |       ||     8
  Use: Scroll            |       |     6 |       ||     6
 Stab: Sleeping          |     5 |       |       ||     5
       Distracted        |       |     1 |       ||     1
Armor: Skin              |    20 |    51 |       ||    71
Dodge: Dodged            |    41 |   117 |       ||   158
       Rpst.: Falchion   |     1 |       |       ||     1

Table legend: (Time is in decaauts)
 A = Elapsed time spent in this place.
 B = Non-inter-level travel time spent in this place.
 C = Inter-level travel time spent in this place.
 D = Time resting spent in this place.
 E = Time spent auto-exploring this place.
 F = Levels seen in this place.
 G = Mean time per level.
                   A        B        C        D        E       F      G
               +--------+--------+--------+--------+--------+-----+--------+
         Total |   3995 |   3930 |     65 |    582 |   2747 |   6 |  665.8 |
       Dungeon |   3412 |   3347 |     65 |    441 |   2471 |   5 |  682.4 |
         Sewer |    582 |    582 |      0 |    141 |    276 |   1 |  582.0 |
               +--------+--------+--------+--------+--------+-----+--------+

Top non-repeatable levels by time:
     D:2: 1259 daAuts
     D:4: 863 daAuts
     D:1: 674 daAuts
   Sewer: 582 daAuts
     D:3: 501 daAuts
     D:5: 114 daAuts
